 Dungeon Crawl Stone Soup version 0.29-a0-887-gcbe080d7e0 (webtiles) character file.

Game seed: 551248974263074520

2 spiderkeys the Conjurer (level 1, -2/11 HPs)
             Began as an Octopode Conjurer on July 21, 2022.
             Slain by a rat (3 damage)
             ... on level 1 of the Dungeon.
             The game lasted 00:00:18 (69 turns).

spiderkeys the Conjurer (Octopode Conjurer)           Turns: 69, Time: 00:00:18

Health: -2/11      AC:  1    Str:  6    XL:     1   Next: 40%
Magic:  1/3        EV: 13    Int: 20    God:
Gold:   13         SH:  0    Dex: 10    Spells: 3/4 levels left

rFire   . . .      SeeInvis .   b - +0 dagger (venom)
rCold   . . .      Faith    .   (no shield)
rNeg    . . .      Spirit   .   (helmet restricted)
rPois   .          Reflect  .   (no amulet)
rElec   .          Harm     .   (no ring)
rCorr   .          Rampage  .   (no ring)
Will    .....                   (no ring)
Stlth   +++.......              (no ring)
HPRegen 0.03/turn               (no ring)
MPRegen 0.08/turn               (no ring)
                                (no ring)
                                (no ring)

@: no status effects
A: almost no armour, amphibious, 8 rings, camouflage 1, gelatinous body 1,
(nimble swimmer 1), tentacles
a: no special abilities


You were on level 1 of the Dungeon.
You visited 1 branch of the dungeon, and saw 1 of its levels.

You collected 13 gold pieces.


Innate Abilities, Weirdness & Mutations

You cannot wear most types of armour.
You are amphibious.
You can wear up to eight rings at the same time.
Your skin changes colour to match your surroundings (Stealth+).
Your rubbery body absorbs attacks. (AC +1, EV +1)
((You are camouflaged when in or above water. (Stealth+)))
You have tentacles for arms and can constrict up to eight enemies at once.


   Skills:
 - Level 2.0 Dodging
 - Level 2.6 Stealth
 + Level 2.1 Spellcasting
 + Level 4.0 Conjurations


You had 3 spell levels left.
You knew the following spells:

 Your Spells              Type           Power      Damage    Failure   Level
m - Magic Dart            Conj           72%        1d6       3%          1

Your spell library contained the following spells:

 Spells                   Type           Power      Damage    Failure   Level
 Searing Ray              Conj           36%        2d5       4%          2
 Dazzling Flash           Conj/Hex       20%        N/A       21%         3
 Fulminant Prism          Conj/Hex       5%         3d7       56%         4
 Iskenderun's Mystic Bla  Conj/Tloc      10%        2d4       56%         4

Inventory:

Hand Weapons
 b - a +0 dagger of venom (weapon)
   (You took it off a goblin on level 1 of the Dungeon)
Potions
 a - a potion of magic

Dungeon Overview and Level Annotations

Branches:
Dungeon (1/15) Zot: 5930

Altars:

#..######
#.......##
##.......#
######..#
########..##
...........#####
..
..######........
.>#
#...r.#.#####
... #.###@#.#
#.# #.# #.#.#
...##.###.#.#
#.#.#...##.#.
#...?........
###.#†..##.##
.........###.#
.......### #..
.##w#..


You could see a rat (very poisoned).


Message History

🤖 Initializing magus.rc ...
Options error: Bad monster_list_colour key: strict_neutral (~/.crawlrc:5438) Bad channel name for runrest: 'pray:' ✅ Successfully initialized magus.rc [v1.11.3] Welcome, spiderkeys the Octopode Conjurer.
The terrific Orb of Zot lies far below, as if waiting for you to find it.
Press ? for a list of commands and other information.
Found a staircase leading out of the dungeon.
A goblin comes into view. It is wielding a +0 dagger of venom.
A goblin is nearby!
The magic dart hits the goblin.
You kill the goblin! 😎 MP[-1]
You lost 1 mp, and now have 2/3 mp.
You can't see any susceptible monsters within range! (Use Z to cast anyway.)
You can't see any susceptible monsters within range! (Use Z to cast anyway.)
You now have 13 gold pieces.
A giant cockroach comes into view. 😎 MP[+1]
Your mp is fully restored (3).
A giant cockroach is nearby!
The magic dart hits the giant cockroach but does no damage. 😎 MP[-1]
You lost 1 mp, and now have 2/3 mp.
The magic dart hits the giant cockroach. 😎 MP[-1]
You lost 1 mp, and now have 1/3 mp.
The magic dart hits the giant cockroach but does no damage.
The giant cockroach bites you. 😕 HP[-1] MP[-1]
You take 1 damage, and now have 10/11 hp.
You lost 1 mp, and now have 0/3 mp.
You are out of magic!
You are out of magic!
You barely miss the giant cockroach. You grab the giant cockroach.
You constrict the giant cockroach, but do no damage.
The giant cockroach closely misses you. The giant cockroach bites you. 😕 HP[-1]
You take 1 damage, and now have 9/11 hp.
You tentacle-slap the giant cockroach but do no damage.
You constrict the giant cockroach. The giant cockroach bites you. 😮 HP[-1]
You take 1 damage, and now have 8/11 hp.
You are too injured to fight recklessly!
You tentacle-slap the giant cockroach but do no damage.
You constrict the giant cockroach. The giant cockroach bites you. 😮 HP[-2]
You take 2 damage, and now have 6/11 hp.
You tentacle-slap the giant cockroach but do no damage.
You squeeze the giant cockroach.
You kill the giant cockroach!
A rat comes into view.
Found an escape hatch in the floor.
A dart slug comes into view.
Things that are here:
a +0 dagger of venom; a goblin corpse
b - a +0 dagger of venom Your +0 dagger of venom begins to drip with poison!
b - a +0 dagger of venom (weapon)
The dart slug launches a dart at you. The slug dart hits you.
* * * LOW HITPOINT WARNING * * *
😱 HP[-4]
You take 4 damage, and now have 2/11 hp.
MASSIVE DAMAGE!! (PAUSE) 😱 MP[+1]
The dart slug launches a dart at you. The slug dart misses you.
The rat twitches its whiskers.
The rat attacks as you move away! The rat bites you but does no damage.
The rat attacks as you move away! The rat bites you.
* * * LOW HITPOINT WARNING * * *
You hit the rat.
The rat is poisoned.
Your grab misses the rat. The rat bites you.
* * * LOW HITPOINT WARNING * * *
😱 HP[-1]
You take 1 damage, and now have 1/11 hp.
You closely miss the rat. You grab the rat.
You constrict the rat, but do no damage.
The rat bites you.
You die...

Action                   || total
-------------------------++-------
Melee: Unarmed           ||     4
       Dagger            ||     2
       Constrict         ||     2
       Tentacles         ||     1
 Cast: Magic Dart        ||     4
Armor: Skin              ||     1
Dodge: Dodged            ||     2

Levels and vault maps discovered:
D:1:      minmay_arrival_wavy_path, layout_loops_ring,
          nicolae_ecumenical_lake_church

Notes
Turn   | Place    | Note
-------+----------+-------------------------------------------
     0 | D:1      | spiderkeys the Octopode Conjurer began the quest for the
                  | Orb.
     0 | D:1      | Reached XP level 1. HP: 11/11 MP: 3/3
     0 | D:1      | magus.rc [v1.11.3]
    58 | D:1      | HP: 2/11 [dart slug/slug dart (4)]
    67 | D:1      | HP: 1/11 [rat (1)]
    69 | D:1      | Slain by a rat

Vanquished Creatures
  A giant cockroach (D:1)
  A goblin (D:1)
2 creatures vanquished.

Table legend:
 A = Non-vault XP
 B = Vault XP
 C = Vault XP percentage of total XP
 D = Non-vault monster count
 E = Vault monster count
 F = Vault count percentage of total count
                 A         B        C        D         E       F
            +---------+---------+-------+---------+---------+-------
      Total |       4 |       0 |   0.0 |       2 |       0 |   0.0
            +---------+---------+-------+---------+---------+-------
        D:1 |       4 |       0 |   0.0 |       2 |       0 |   0.0
            +---------+---------+-------+---------+---------+-------

Illustrated notes

Table legend:
 A = Kills in this place as a percentage of kills in entire the game.
 B = Kills by you in this place as a percentage of kills by you in the entire game.
 C = Kills by friends in this place as a percentage of kills by friends in the entire game.
 D = Other kills in this place as a percentage of other kills in the entire game.
 E = Experience gained in this place as a percentage of experience gained in the entire game.
 F = Experience gained in this place divided by the number of levels of this place that you have seen.
                   A       B       C       D       E      F
               +-------+-------+-------+-------+-------+----------------------
         Total | 100.0 | 100.0 |   N/A |   N/A | 100.0 |   4.0
       Dungeon | 100.0 | 100.0 |   N/A |   N/A | 100.0 |   4.0
               +-------+-------+-------+-------+-------+----------------------

Table legend: (Time is in decaauts)
 A = Elapsed time spent in this place.
 B = Non-inter-level travel time spent in this place.
 C = Inter-level travel time spent in this place.
 D = Time resting spent in this place.
 E = Time spent auto-exploring this place.
 F = Levels seen in this place.
 G = Mean time per level.
                   A        B        C        D        E       F      G
               +--------+--------+--------+--------+--------+-----+--------+
         Total |     68 |     68 |      0 |      0 |     44 |   1 |   68.0 |
       Dungeon |     68 |     68 |      0 |      0 |     44 |   1 |   68.0 |
               +--------+--------+--------+--------+--------+-----+--------+

Top non-repeatable levels by time:
     D:1: 68 daAuts
